 Dungeon Crawl Stone Soup version 0.23-a0-389-g4a5eb334b0 (webtiles) character file.

2430 LostNumber the Slicer (level 9, 0/87 HPs)
             Began as a Kobold Assassin on Oct 29, 2018.
             Was a Believer of Trog.
             Slain by an orc
             ... wielding a +0 trident
              (6 damage)
             ... on level 7 of the Dungeon on Oct 30, 2018.
             The game lasted 00:20:04 (5629 turns).

LostNumber the Slicer (Kobold Assassin)             Turns: 5629, Time: 00:20:06

Health: 0/87       AC:  6    Str: 16    XL:     9   Next: 77%
Magic:  9/9        EV: 15    Int: 12    God:    Trog [**....]
Gold:   203        SH:  0    Dex: 17    Spells: 8/8 levels left

rFire    . . .     SeeInvis .   a - +1 hand axe (elec)
rCold    + . .     Gourm    .   (shield restricted)
rNeg     . . .     Faith    .   h - +0 ring mail
rPois    .         Spirit   .   (no helmet)
rElec    .         Reflect  .   d - +0 cloak
rCorr    .         Harm     .   (no gloves)
MR       .....                  (no boots)
Stlth    ..........             t - amulet of regeneration
HPRegen  0.64/turn              l - +4 ring of slaying
MPRegen  0.11/turn              y - ring of protection from cold

@: berserking, very quick
A: small, carnivore
a: Berserk, Trog's Hand, Renounce Religion


You were on level 7 of the Dungeon.
You worshipped Trog.
Trog was pleased with you.
You were full.

You visited 1 branch of the dungeon, and saw 7 of its levels.

You collected 203 gold pieces.

Inventory:

Hand Weapons
 a - a +1 hand axe of electrocution (weapon)
 b - a +1 blowgun
 C - a +2 dagger
Missiles
 e - 40 poisoned needles
 f - 5 curare-tipped needles
 p - 8 steel tomahawks (quivered)
 B - 3 tomahawks
Armour
 c - a +0 robe
 d - a +0 cloak (worn)
 h - a +0 ring mail (worn)
Jewellery
 l - a +4 ring of slaying (left hand)
 t - an amulet of regeneration (around neck)
 y - a ring of protection from cold (right hand)
 D - an uncursed amulet of harm {unknown}
Scrolls
 i - a scroll of magic mapping
 m - 3 scrolls of identify {unknown}
 n - 4 scrolls of enchant weapon
 r - a scroll of fog {unknown}
 u - 2 scrolls of amnesia {unknown}
 w - a scroll of immolation {unknown}
 z - 7 scrolls of remove curse
Potions
 j - 2 potions of mutation {unknown}
 k - 3 potions of curing
 o - a potion of ambrosia {unknown}
 q - 3 potions of lignification {unknown}
 s - a potion of might {unknown}
 v - a potion of resistance {unknown}
 x - 2 potions of heal wounds {unknown}
 A - a potion of invisibility {unknown}
Comestibles
 g - 11 rations


   Skills:
 + Level 7.6 Fighting
 - Level 10.0 Short Blades
 + Level 7.7 Throwing
 + Level 3.9 Dodging
 - Level 5.3 Stealth


You had 8 spell levels left.
You didn't know any spells.
Your spell library was empty.

Dungeon Overview and Level Annotations

Branches:
Dungeon (7/15)
 Temple: D:4-7

Altars:
Kikubaaqudgha
Makhleb
Ru
Trog

Shops:
D:4 **[[


Innate Abilities, Weirdness & Mutations

You are small and have problems with some larger weapons.
You are carnivorous and can eat meat at any time.


Message History

The orc hits you from afar with a +0 trident.
* * * LOW HITPOINT WARNING * * *
The orc wizard closely misses you. The orc warrior barely misses you.
You hit the orc warrior.
Lightning courses through the orc warrior!
You kill the orc warrior!
Trog accepts your kill.
You hit the orc. Lightning courses through the orc!
You kill the orc!
Trog accepts your kill.
You hit the orc wizard.
The orc wizard gestures at you while chanting.
You easily resist.
The orc closely misses you.
You barely miss the orc wizard.
The orc wizard is almost dead.
The orc wizard gestures wildly while chanting.
The orc wizard flickers and vanishes!
Deactivating autopickup; reactivate with Ctrl-A.
The orc hits you from afar with a +0 trident.
You die...

.....................
................=...
#..!...............
#.................
#.!...............
#.............#
#....##......##
...#..)).........#
#.....)@........##
#....o){).........
......#.............
##...................
##..................
#.................
.................
...............
.....##........


You could see an orc.

Vanquished Creatures
  Grinder (D:5)
  Sigmund (D:4)
  Menkaure (D:7)
  Edmund (D:3)
  Duvessa (D:7)
  2 orc warriors
  A sky beast (D:6)
  3 phantoms
  2 ogres
  A centaur (D:4)
  A bullfrog (D:6)
  Dowan (D:7)
  A scorpion (D:5)
  A howler monkey (D:5)
  A centaur zombie (D:6)
  A crimson imp (D:7)
  A bullfrog skeleton (D:4)
  A gnoll shaman (D:7)
  3 hounds
  2 iguanas
  Jessica (D:3)
  5 worker ants
  An orc wizard (D:6)
  A hound zombie (D:6)
  A howler monkey zombie (D:5)
  4 gnolls (D:7)
  10 adders
  2 shadow imps
  2 oozes
  2 adder zombies (D:6)
  2 adder skeletons
  3 worms
  3 leopard geckos
  12 orcs
  2 ball pythons (D:2)
  5 giant cockroaches
  7 goblins
  5 hobgoblins
  4 jackals
  8 kobolds
  3 quokkas
  7 bats
  8 frilled lizards
  A leopard gecko zombie (D:7)
  6 rats
132 creatures vanquished.

Notes
Turn   | Place    | Note
-------+----------+-------------------------------------------
     0 | D:1      | LostNumber the Kobold Assassin began the quest for the Orb.
     0 | D:1      | Reached XP level 1. HP: 12/12 MP: 1/1
    49 | D:1      | Reached skill level 3 in Short Blades
   117 | D:1      | Reached XP level 2. HP: 18/18 MP: 2/2
   657 | D:2      | Reached XP level 3. HP: 17/22 MP: 3/3
   773 | D:2      | You fall through a shaft!
   773 | D:3      | Noticed Jessica
   776 | D:3      | Killed Jessica
   776 | D:3      | Reached skill level 4 in Short Blades
   776 | D:3      | Reached XP level 4. HP: 27/27 MP: 4/4
   944 | D:2      | Found a bloodstained altar of Trog.
  1018 | D:2      | Became a worshipper of Trog the Wrathful
  1450 | D:2      | Reached XP level 5. HP: 32/32 MP: 5/5
  1486 | D:2      | Reached skill level 5 in Short Blades
  2119 | D:3      | Noticed an ogre
  2167 | D:3      | Killed an ogre
  2167 | D:3      | Reached skill level 6 in Short Blades
  2167 | D:3      | Reached XP level 6. HP: 38/38 MP: 6/6
  2525 | D:4      | Noticed a phantom
  2548 | D:4      | Killed a phantom
  2669 | D:4      | Found Xesavyru's Assorted Antiques.
  2747 | D:3      | Reached XP level 7. HP: 41/43 MP: 7/7
  2897 | D:4      | Noticed Edmund
  2953 | D:3      | Killed Edmund
  2953 | D:3      | Reached skill level 7 in Short Blades
  3061 | D:4      | Found Moqeh's Antique Armour Shoppe.
  3076 | D:4      | Noticed Sigmund
  3087 | D:4      | Killed Sigmund
  3107 | D:4      | Found Fuos's Assorted Antiques.
  3137 | D:4      | Reached skill level 8 in Short Blades
  3137 | D:4      | Reached XP level 8. HP: 24/48 MP: 8/8
  3156 | D:4      | Reached skill level 5 in Fighting
  3156 | D:4      | Reached skill level 5 in Throwing
  3392 | D:4      | Found Kuofys's Antique Armour Shoppe.
  3443 | D:4      | Reached * piety under Trog
  3675 | D:5      | Entered Level 5 of the Dungeon
  3940 | D:5      | Reached skill level 9 in Short Blades
  4011 | D:5      | Found a sacrificial altar of Ru.
  4025 | D:5      | Noticed Grinder
  4039 | D:5      | Killed Grinder
  4527 | D:6      | Reached XP level 9. HP: 44/56 MP: 9/9
  4741 | D:6      | Reached skill level 10 in Short Blades
  4754 | D:6      | Found an ancient bone altar of Kikubaaqudgha.
  4885 | D:6      | Found a burning altar of Makhleb.
  5313 | D:7      | Noticed Duvessa
  5322 | D:7      | Noticed Dowan
  5323 | D:7      | Noticed Menkaure
  5324 | D:7      | Killed Duvessa
  5569 | D:7      | Killed Dowan
  5572 | D:7      | Killed Menkaure
  5572 | D:7      | Reached ** piety under Trog
  5627 | D:7      | HP: 4/85 [orc/+0 trident (3)]
  5629 | D:7      | Slain by an orc

Vault maps used:
D:1:      grunt_arrival_lava_bath
D:2:      trog_three_pillars_becter
D:3:      uniq_jessica
D:4:      serial_shops, nicolae_shop_temple_entry_statues_fountains,
          kennysheep_little_box, shop_statue, nicolae_shop_stone,
          kennysheep_nub, kennysheep_generic_room_12, uniq_edmund, uniq_sigmund
D:5:      nicolae_ru_sacrificial_ziggurat, first_ration, uniq_grinder
D:6:      lemuel_doored_altar, overflow_temple_1_default
D:7:      old_standard_altar, temple_statues, serial_shops, shop,
          grunt_ogre_cave, uniq_duvessa, uniq_menkaure

Skill      XL: |  1  2  3  4  5  6  7  8  9 |
---------------+----------------------------+-----
Short Blades   | 3 4 6 8 9 10 | 10.0
Throwing       | 3 4 6 7 |  7.7
Fighting       | 3 4 6 7 |  7.6
Dodging        | 3 |  3.9
Stealth        | |  5.3

Action                   |  1- 3 |  4- 6 |  7- 9 || total
-------------------------+-------+-------+-------++-------
Melee: Dagger            |    93 |   184 |   106 ||   383
       Hand axe          |       |       |   147 ||   147
 Fire: Blowgun           |     2 |    14 |    21 ||    37
Throw: Tomahawk          |       |     1 |     1 ||     2
Invok: Berserk           |       |       |     5 ||     5
  Use: Scroll            |       |     6 |       ||     6
       Potion            |       |       |     2 ||     2
 Stab: Sleeping          |     5 |    10 |     2 ||    17
  Eat: Chunk             |     8 |     6 |    10 ||    24
Armor: Ring mail         |    22 |    44 |    56 ||   122
       Robe              |     1 |       |       ||     1
Dodge: Dodged            |    65 |    86 |   140 ||   291

Table legend:
 A = Non-vault XP
 B = Vault XP
 C = Vault XP percentage of total XP
 D = Non-vault monster count
 E = Vault monster count
 F = Vault count percentage of total count
                 A         B        C        D         E       F
            +---------+---------+-------+---------+---------+-------
      Total |    2380 |    1092 |  31.5 |     125 |       7 |   5.3
            +---------+---------+-------+---------+---------+-------
        D:1 |      23 |       0 |   0.0 |      15 |       0 |   0.0
        D:2 |     133 |       0 |   0.0 |      29 |       0 |   0.0
        D:3 |     208 |     194 |  48.3 |      24 |       2 |   7.7
        D:4 |     496 |     212 |  29.9 |      17 |       1 |   5.6
        D:5 |     344 |     295 |  46.2 |       9 |       1 |  10.0
        D:6 |     867 |       0 |   0.0 |      16 |       0 |   0.0
        D:7 |     309 |     391 |  55.9 |      15 |       3 |  16.7
            +---------+---------+-------+---------+---------+-------
